 Dungeon Crawl Stone Soup version 0.29-a0-834-g1e95ca9f62 (webtiles) character file.

Game seed: 8343731832308433139

54 blackman the Insei (level 4, -3/33 HPs)
             Began as a Human Warper on July 12, 2022.
             Slain by a hobgoblin (5 damage)
             ... led by Robin
             ... on level 2 of the Dungeon.
             The game lasted 00:03:17 (1416 turns).

blackman the Insei (Human Warper)                   Turns: 1416, Time: 00:03:17

Health: -3/33      AC: 14    Str: 13    XL:     4   Next: 12%
Magic:  7/7        EV:  3    Int: 13    God:
Gold:   47         SH:  0    Dex: 13    Spells: 5/7 levels left

rFire   . . .      SeeInvis .     - Unarmed
rCold   . . .      Faith    .   (no shield)
rNeg    . . .      Spirit   .   o - +0 plate armour
rPois   .          Reflect  .   (no helmet)
rElec   .          Harm     .   (no cloak)
rCorr   .          Rampage  .   (no gloves)
Will    .....                   (no boots)
Stlth   ..........              (no amulet)
HPRegen 0.11/turn               l - +4 ring of protection
MPRegen 0.10/turn               (no ring)

@: attractive
A: no striking features
a: no special abilities


You were on level 2 of the Dungeon.
You visited 1 branch of the dungeon, and saw 2 of its levels.

You collected 47 gold pieces.

Inventory:

Missiles
 c - 7 boomerangs of dispersal (quivered)
 f - 4 javelins
Armour
 a - a +0 leather armour
 m - a +0 chain mail
 o - a +0 plate armour (worn)
Jewellery
 d - a ring of resist corrosion
 l - a +4 ring of protection (left hand)
Scrolls
 b - a scroll of blinking
 h - 2 scrolls of identify
 j - a scroll of enchant armour
Potions
 e - a potion of flight


   Skills:
 - Level 2.0 Fighting
 - Level 1.0 Throwing
 - Level 1.0 Armour
 - Level 2.0 Dodging
 + Level 4.1 Unarmed Combat
 - Level 2.0 Spellcasting
 - Level 3.0 Translocations


You had 5 spell levels left.
You knew the following spells:

 Your Spells              Type           Power      Damage    Failure   Level
a - Blink                 Tloc           18%        N/A       100%        2

Your spell library contained the following spells:

 Spells                   Type           Power      Damage    Failure   Level
 Shock                    Conj/Air       4%         1d3       100%        1
 Gell's Gravitas          Tloc           9%         N/A       100%        3
 Lesser Beckoning         Tloc           9%         N/A       100%        3
 Swiftness                Air            1%         N/A       100%        3
 Teleport Other           Tloc           9%         N/A       100%        3
 Airstrike                Air            0%         0-2+      100%        4
 Manifold Assault         Tloc           9%         N/A       100%        5
 Conjure Ball Lightning   Conj/Air       0%         3x3d6     100%        6
 Discord                  Hex            0%         N/A       100%        8
 Disjunction              Tloc           4%         N/A       100%        8


Dungeon Overview and Level Annotations

Branches:
Dungeon (2/15)

Altars:
Kikubaaqudgha

Annotations:
D:2 Robin


Message History

You feel very buoyant.
You fly up into the air.
The goblin hits you but does no damage.
The hobgoblin hits the bush but does no damage.
The hobgoblin hits you but does no damage.
The goblin hits the bush but does no damage.
The goblin hits the bush with a +0 dagger of freezing.
The goblin freezes the bush.
The goblin hits the bush but does no damage.
The goblin hits you but does no damage.
It was a potion of attraction.
You feel attractive to monsters.
The goblin hits the bush but does no damage.
The goblin hits you but does no damage.
The hobgoblin hits the bush but does no damage.
The hobgoblin hits you but does no damage.
The goblin hits the bush but does no damage.
The goblin hits the bush with a +0 dagger of freezing.
The goblin freezes the bush.
The goblin hits the bush but does no damage.
The goblin hits you with a +0 club.
* * * LOW HITPOINT WARNING * * *
It was a potion of resistance.
You feel protected.
Robin hits the bush but does no damage.
The goblin hits the bush with a +0 dagger.
The goblin hits you but does no damage.
The hobgoblin hits the bush but does no damage.
The hobgoblin completely misses you.
The goblin hits the bush but does no damage. x3
The goblin hits you with a +0 club.
* * * LOW HITPOINT WARNING * * *
It was a potion of cancellation.
Your magical effects are unravelling.
You feel magically purged.
You float gracefully downwards.
Your resistance to elements expires.
The goblin hits the bush but does no damage.
The goblin hits you with a +0 dagger.
* * * LOW HITPOINT WARNING * * *
The hobgoblin hits the bush.
The hobgoblin hits you.
You die...

........##..#.###.........
........###...............
..........................
.......PPPPPPP.PPP###.?...
####.........P.P.P# ....
##...PPP.P.P^P$P## ).#
###....P.P.P.P.Pggg# .#
#...#.#P.PPP.P.PgPg# :
#.###.#P.....P.g@Pg#
.......P.P.PPPPPgPg.#
.......P.P.P...P.P#$....
.......P.PPP.P.P.P......
.......P...P.P...P.##...
<......P.PPP.PPPPP.# ..
.......P...... ..P . #


..##...PPPPPPP.PPP #. ..##.#### .. You could see Robin, 2 hobgoblins and 6
goblins.

Vanquished Creatures
  2 adders (D:2)
  2 ball pythons (D:2)
  5 giant cockroaches (D:1)
  6 goblins
  A hobgoblin (D:1)
  5 quokkas
  4 bats
  2 frilled lizards
  3 kobolds
  3 rats (D:1)
33 creatures vanquished.

Notes
Turn   | Place    | Note
-------+----------+-------------------------------------------
     0 | D:1      | blackman the Human Warper began the quest for the Orb.
     0 | D:1      | Reached XP level 1. HP: 16/16 MP: 3/3
    77 | D:1      | Reached XP level 2. HP: 8/22 MP: 5/5
   649 | D:1      | Reached skill level 3 in Unarmed Combat
   699 | D:1      | Learned a level 2 spell: Blink
   785 | D:1      | Found a faded altar of an unknown god.
   922 | D:1      | Reached XP level 3. HP: 27/27 MP: 6/6
  1268 | D:2      | Found an ancient bone altar of Kikubaaqudgha.
  1367 | D:2      | Reached skill level 4 in Unarmed Combat
  1367 | D:2      | Reached XP level 4. HP: 33/33 MP: 7/7
  1403 | D:2      | Noticed Robin
  1416 | D:2      | Slain by a hobgoblin

Illustrated notes

Levels and vault maps discovered:
D:1:      psy_arrival_statuary, layout_loops_ring, basic_ecumenical_altar,
          minmay_crystal_room
D:2:      layout_rooms, basic_altar, minmay_hedge_maze, uniq_robin

Skill      XL: |  1  2  3 |
---------------+----------+-----
Unarmed Combat | 3 4 |  4.1
Fighting       | |  2.0
Throwing       | |  1.0
Armour         | |  1.0
Dodging        | |  2.0
Spellcasting   | |  2.0
Translocations | |  3.0

Action                   |  1- 3 |  4- 6 || total
-------------------------+-------+-------++-------
Melee: Unarmed           |   128 |    24 ||   152
       Punch             |     3 |       ||     3
  Use: Potion            |       |     4 ||     4
       Scroll            |       |     2 ||     2
 Stab: Sleeping          |     1 |       ||     1
Armor: Leather armour    |    49 |       ||    49
       Plate armour      |    13 |    37 ||    50
Dodge: Dodged            |    86 |     9 ||    95

Table legend: (Time is in decaauts)
 A = Elapsed time spent in this place.
 B = Non-inter-level travel time spent in this place.
 C = Inter-level travel time spent in this place.
 D = Time resting spent in this place.
 E = Time spent auto-exploring this place.
 F = Levels seen in this place.
 G = Mean time per level.
                   A        B        C        D        E       F      G
               +--------+--------+--------+--------+--------+-----+--------+
         Total |   1406 |   1325 |     81 |      0 |   1006 |   2 |  703.0 |
       Dungeon |   1406 |   1325 |     81 |      0 |   1006 |   2 |  703.0 |
               +--------+--------+--------+--------+--------+-----+--------+

Top non-repeatable levels by time:
     D:1: 1098 daAuts
     D:2: 308 daAuts
